 Dungeon Crawl Stone Soup version 0.19.4-9-g45fd643 (webtiles) character file.

37 Rrauwl the Insei (level 3, 0/18 HPs)
             Began as a Vine Stalker Transmuter on Feb 20, 2017.
             Succumbed to an adder's poison
             ... on level 2 of the Dungeon.
             The game lasted 00:06:04 (726 turns).

Rrauwl the Insei (Vine Stalker Transmuter)           Turns: 726, Time: 00:06:05

Health: 0/18       AC:  4    Str: 13    XL:     3   Next: 41%
Magic:  7/7        EV: 13    Int: 13    God:
Gold:   56         SH: 10    Dex: 19    Spells: 1 memorised, 5 levels left

rFire  . . .     SeeInvis .       - Unarmed
rCold  . . .     Gourm    .     b - +0 robe
rNeg   . . .     Faith    .     j - +0 large shield
rPois  +         Spirit   +     (no helmet)
rElec  .         Reflect  .     e - +1 cloak {rPois}
rCorr  .         Harm     .     (no gloves)
MR     .....                    (no boots)
Stlth  +++.......               (no amulet)
                                (no ring)
                                (no ring)

@: agile, lethally poisoned (0 -> -2), very slightly contaminated
A: fangs 2, magic shield, antimagic bite, no device heal 3, rot immunity
a: no special abilities


You were on level 2 of the Dungeon.
You were not hungry.

You visited 1 branch of the dungeon, and saw 2 of its levels.

You collected 56 gold pieces.

Inventory:

Missiles
 a - 31 arrows
Armour
 b - a +0 robe (worn)
 e - a +1 cloak of poison resistance (worn)
 j - a +0 large shield (worn)
Scrolls
 i - a scroll of remove curse {unknown}
 l - a scroll of identify {unknown}
Books
 c - a book of Changes

   Spells                             Type                      Level
   a - Beastly Appendage              Transmutation                1
   b - Sticks to Snakes               Transmutation                2
   c - Spider Form                    Transmutation/Poison         3
   d - Ice Form                       Ice/Transmutation            4
   e - Blade Hands                    Transmutation                5
Comestibles
 d - a bread ration
 f - 2 meat rations
 g - a chunk of flesh
 h - a slice of pizza


   Skills:
 + Level 1.7 Fighting
 + Level 0.4 Armour
 - Level 2.0 Dodging
 + Level 0.3 Stealth
 + Level 0.0 Shields
 + Level 3.0 Unarmed Combat
 + Level 2.3 Spellcasting
 + Level 2.2 Transmutations


You had 5 spell levels left.
You knew the following spells:

 Your Spells              Type           Power        Failure   Level  Hunger
a - Beastly Appendage     Tmut           #.....       100%        1    #......


Dungeon Overview and Level Annotations

Branches:
Dungeon (2/15)

Altars:


Innate Abilities, Weirdness & Mutations

You have extremely sharp teeth.
When hurt, damage is shared between your health and your magic reserves.
Your bite disrupts and absorbs the magic of your enemies.
Potions and wands cannot restore your health.
You are immune to rotting.


Message History

* * * LOW HITPOINT WARNING * * *
You block the adder's attack.
You hit the adder.
The adder is severely wounded.
* * * LOW HITPOINT WARNING * * *
You feel sick. The adder misses you. You block the adder's attack.
You closely miss the adder. You bite the adder. You drain its power.
You feel invigorated.
You kill the adder!
You see here a frilled lizard corpse.
You butcher the frilled lizard corpse.
* * * LOW HITPOINT WARNING * * *
You feel sick.
Things that are here:
a chunk of flesh; a frilled lizard skeleton You see here a dart slug corpse.
You butcher the dart slug corpse.
You see here a chunk of flesh.
g - a chunk of flesh You die...

.# # . . .# ..
#. #####[###
...#.###.......#
..............#
#...........##
#!...@........
#...........#
#....%......#
###.#.<.....#
#......####
########


There were no monsters in sight!

Vanquished Creatures
  An adder (D:2)
  2 dart slugs
  3 leopard geckos (D:1)
  2 giant cockroaches (D:1)
  2 goblins (D:1)
  3 hobgoblins (D:1)
  2 kobolds (D:1)
  2 frilled lizards
  4 rats (D:1)
21 creatures vanquished.

Notes
Turn   | Place    | Note
-------+----------+-------------------------------------------
     0 | D:1      | Rrauwl the Vine Stalker Transmuter began the quest for the Orb.
     0 | D:1      | Reached XP level 1. HP: 9/9 MP: 4/4
     6 | D:1      | Reached skill level 1 in Fighting
    76 | D:1      | Reached XP level 2. HP: 8/14 MP: 6/6
   484 | D:1      | Reached XP level 3. HP: 13/18 MP: 7/7
   726 | D:2      | Succumbed to an adder's poison

Skill      XL: |  1  2 |
---------------+-------+-----
Fighting       | 1 |  1.7
Dodging        | 2 |  2.0
Armour         | |  0.4
Stealth        | |  0.3
Unarmed Combat | |  3.0
Spellcasting   | |  2.3
Transmutations | |  2.2

Action                   || total
-------------------------++-------
Melee: Unarmed           ||    71
       Bite              ||    13
       Headbutt          ||     3
       Kick              ||     1
       Punch             ||     1
 Cast: Beastly Appendage ||     3
  Use: Potion            ||     1
Armor: Robe              ||    13
Dodge: Dodged            ||    39
Block: Large shield      ||    17
